 Dungeon Crawl Stone Soup version 0.30-a0-422-g946f4849ff (webtiles) character file.

Game seed: 16954300786458691962

109267 avis the Skirmisher (level 15, -22/186 HPs)
             Began as a Demigod Ice Elementalist on Dec 5, 2022.
             Killed from afar by Aizul (24 damage)
             ... with a poison arrow
             ... on level 1 of the Swamp on Dec 9, 2022.
             The game lasted 04:37:35 (30648 turns).

avis the Skirmisher (Demigod Ice Elementalist)     Turns: 30648, Time: 04:37:36

Health: -22/186    AC: 17    Str:  9    XL:     15   Next: 56%
Magic:  30/30      EV: 23    Int: 17    God:
Gold:   2467       SH:  0    Dex: 37    Spells: 5/28 levels left

rFire   + . .      SeeInvis +    w - +1 long sword (vamp)
rCold   + + +      Faith    .    (no shield)
rNeg    . . .      Spirit   .    G - +5 steam dragon scales
rPois   +          Reflect  .    C - +1 hat {SInv}
rElec   +          Harm     .    H - scarf {rC+ rF+}
rCorr   +          Rampage  .    z - +2 pair of gloves {Dex+3}
Will    +....                    E - +0 pair of boots
Stlth   ..........               V - amulet of magic regeneration
HPRegen 0.51/turn                k - ring of ice
MPRegen 0.62/turn                p - ring of wizardry

@: berserking (expiring), lethally poisoned (-22 -> -42), resistant, hasted,
studying 2 skills, very quick
A: high MP 1, forlorn, divine attributes
a: no special abilities


You were on level 1 of the Swamp.
You visited 5 branches of the dungeon, and saw 22 of its levels.
You also visited: Sewer, Bailey and Volcano.

You collected 3373 gold pieces.
You spent 906 gold pieces at shops.

Inventory:

Hand Weapons
 a - a +4 scimitar of flaming
 b - a +3 shortbow of flaming
 w - a +1 vampiric long sword (weapon)
 x - a +2 longbow of flaming
 X - a +2 long sword of holy wrath
Missiles
 f - 3 throwing nets
Armour
 z - a +2 pair of gloves of dexterity (worn)
 C - a +1 hat of see invisible (worn)
 E - a +0 pair of boots (worn)
 G - +5 steam dragon scales (worn)
 H - a scarf of resistance (worn)
Jewellery
 k - a ring of ice (left hand)
 p - a ring of wizardry (right hand)
 V - an amulet of magic regeneration (around neck)
Wands
 e - a wand of quicksilver (6)
 g - a wand of digging (9)
 u - a wand of mindburst (13)
 B - a wand of polymorph (20)
 D - a wand of roots (5)
 F - a wand of charming (38)
 W - a wand of flame (7)
Scrolls
 c - 4 scrolls of fog
 m - 6 scrolls of teleportation
 v - 2 scrolls of summoning
 y - 2 scrolls of magic mapping
 J - 6 scrolls of fear
Potions
 h - 2 potions of haste
 i - 2 potions of berserk rage
 l - 3 potions of invisibility
 n - 3 potions of heal wounds
 o - a potion of curing
 q - 4 potions of magic
 s - 3 potions of ambrosia
 t - 7 potions of brilliance
 O - a potion of resistance
 P - a potion of cancellation
 R - 6 potions of might
 T - 2 potions of flight
Miscellaneous
 j - a phial of floods
 Q - a phantom mirror


   Skills:
 - Level 9.0 Fighting
 * Level 12.0 Long Blades
 - Level 14.0 Ranged Weapons
 - Level 7.0 Armour
 - Level 8.0 Dodging
 - Level 2.0 Stealth
 - Level 7.0 Spellcasting
 - Level 2.0 Conjurations
 - Level 14.0 Ice Magic
 - Level 2.0 Air Magic


You had 5 spell levels left.
You knew the following spells:

 Your Spells              Type           Power      Damage    Failure   Level
a - Freeze                Ice            100%       1d10      1%          1
o - Ozocubu's Armour      Ice            69%        N/A       1%          3
r - Frozen Ramparts       Ice            100%       1d16      1%          3
R - Ozocubu's Refrigerat  Ice            34%        4d15      12%         7
V - Polar Vortex          Ice            34%        N/A       100%        9

Your spell library contained the following spells:

 Spells                   Type           Power      Damage    Failure   Level
 Magic Dart               Conj           48%        1d5       1%          1
 Ensorcelled Hibernation  Hex/Ice        88%        N/A       1%          2
 Summon Ice Beast         Ice/Summ       44%        N/A       2%          4
 Call Imp                 Summ           5%         N/A       7%          2
 Scorch                   Fire           10%        2d6       7%          2
 Mephitic Cloud           Conj/Pois/Air  10%        N/A       9%          3
 Kindle Blastsparks       Fire/Tloc/Air  16%        2d11      11%         3
 Freezing Cloud           Conj/Ice/Air   19%        6-21      11%         5
 Spider Form              Tmut/Pois      5%         N/A       14%         3
 Summon Guardian Golem    Hex/Summ       5%         N/A       14%         3
 Tukima's Dance           Hex            5%         N/A       14%         3
 Airstrike                Air            6%         2d(1-17)  21%         4
 Flame Wave               Conj/Fire      9%         2d6       28%         4
 Fulminant Prism          Conj/Hex       4%         3d5       28%         4
 Iskenderun's Mystic Bla  Conj/Tloc      9%         2d4       28%         4
 Summon Lightning Spire   Summ/Air       9%         N/A       28%         4
 Anguish                  Hex/Necr       2%         N/A       41%         4
 Lightning Bolt           Conj/Air       6%         1d18      45%         5
 Silence                  Hex/Air        4%         N/A       61%         5
 Alistair's Intoxication  Tmut/Pois      3%         N/A       75%         5
 Borgnjor's Vile Clutch   Necr/Erth      2%         N/A       75%         5
 Lee's Rapid Deconstruct  Erth           2%         3d5*      75%         5
 Simulacrum               Ice/Necr       22%        N/A       36%         6
 Eringya's Noxious Bog    Tmut/Pois      2%         N/A       99%         6
 Summon Cactus Giant      Summ           2%         N/A       99%         6
 Orb of Destruction       Conj           6%         9d6       100%        7
 Spellforged Servitor     Conj/Summ      4%         N/A       100%        7


Dungeon Overview and Level Annotations

Branches:
Dungeon (13/15)            Temple (1/1) D:5            Lair (5/5) D:10
  Swamp (1/4) Lair:2       Spider (0/4) Lair:3        Slime (0/5) Lair:4
    Orc (2/2) D:12            Elf (0/3) Orc:2         Sewer (visited)
 Bailey (visited)         Volcano (visited)
 Vaults: D:13-14

Shops:
D:10 [*   D:12 [   Orc:2 [*[*

Portals:
Abyss: D:11

Annotations:
D:11 2 transporters, zishaf's ghost, journeyman VSBr
Swamp:1 Aizul


Innate Abilities, Weirdness & Mutations

You have an increased reservoir of magic. (+10% MP)
You shall have no god before yourself.
Your divine heritage dramatically boosts your attributes as you level up.


Message History

You closely miss Aizul.
Aizul is severely wounded.
* * * LOW HITPOINT WARNING * * *
You feel very sick.
The swamp dragon bites you but does no damage.
The swamp dragon claws you but does no damage.
The swamp dragon misses you. Aizul hits you.
* * * LOW HITPOINT WARNING * * *
You miss Aizul.
Aizul is severely wounded.
* * * LOW HITPOINT WARNING * * *
You feel sick.
Unknown command.
You hit Aizul.
Aizul is severely wounded.
* * * LOW HITPOINT WARNING * * *
You feel sick. Aizul misses you. The swamp dragon misses you.
The swamp dragon closely misses you. The swamp dragon completely misses you.
Unknown command.
You hit Aizul.
Aizul is severely wounded.
* * * LOW HITPOINT WARNING * * *
You feel sick. Aizul casts a spell at you. The bolt of poison misses you.
The swamp dragon closely misses you. The swamp dragon misses you.
The swamp dragon closely misses you.
You hit Aizul but do no damage.
Aizul is severely wounded.
* * * LOW HITPOINT WARNING * * *
You feel sick. Aizul closely misses you.
Unknown command.
You closely miss Aizul.
Aizul is severely wounded.
* * * LOW HITPOINT WARNING * * *
You feel sick.
Aizul coils herself and waves her upper body at you.
The poison arrow hits you!!
You are more poisoned.
You partially resist.
You die...

~~~..~~~.♣♣ .~..♣
~~~.~~~~.. ~~~.♣
.~........ ...♣
♣~.~~~...♣♣♣..♣♣
♣~~~~§..~~~~~.♣
♣♣..~~~..~~~~~.♣
~~..~~~...)~†..♣
♣~~...@D..<†.♣♣♣
♣♣....~S~~†~...♣
♣.~?.~~~~~~~~§~♣
♣~......~.~~~~~..
~~♣♣..~♣...~~~~~..
~. ♣♣...~..~~~§~.~
~ ♣..~~....§~~...
♣..~.~♣....>~..
♣.~.♣♣♣♣♣~♣♣♣♣


You could see Aizul and a swamp dragon.

Vanquished Creatures
  Gastronok (Lair:3)
  A very ugly thing (D:12)
  Nessos (Lair:3)
  An eleionoma (Swamp:1)
  A red draconian (Volcano)
  Snorg (D:11)
  Josephine (D:11)
  9 hydras
  4 catoblepae
  6 two-headed ogres
  2 boulder beetles
  18 death yaks
  A tengu warrior (D:13)
  5 orc high priests (Orc:2)
  A fire crab (Lair:3)
  Amaemon (Lair:3)
  4 skeletal warriors (D:11)
  A spriggan druid (Swamp:1)
  A salamander mystic (Volcano)
  Lodul (D:11)
  An orb spider (Lair:3)
  3 bog bodies (Lair:2)
  2 lindwurms (Lair:5)
  An orc sorcerer (Orc:2)
  4 orc knights
  5 salamanders (Volcano)
  6 manticores
  19 elephants
  5 black mambas
  A molten gargoyle (Volcano)
  2 torpor snails (Lair:3)
  An orange demon (Lair:3)
  16 cane toads
  4 gargoyles
  4 unseen horrors
  10 komodo dragons
  12 trolls
  A polar bear (Lair:5)
  19 blink frogs
  A hornet (shapeshifter) (D:12)
  3 dream sheep (Lair:3)
  2 vampires
  6 wyverns
  2 shadows
  5 fire bats (Volcano)
  40 yaks
  4 wraiths
  4 steam dragons
  9 vampire mosquitoes
  3 basilisks
  A warg (D:12)
  Menkaure (D:5)
  2 swamp worms
  4 acid dragons
  11 water moccasins
  A swamp drake (Swamp:1)
  50 orc warriors
  5 black bears
  A sky beast (D:6)
  6 wolves
  10 ogres
  6 centaurs
  A gnoll sergeant (D:6)
  4 phantoms
  7 kobold brigands
  2 necrophages
  17 bullfrogs
  3 scorpions
  11 wights
  14 killer bees
  An electric eel (Lair:2)
  3 howler monkeys
  3 lava snakes (Volcano)
  2 hounds
  4 jellies
  30 orc priests
  3 iguanas
  46 orc wizards
  A hound skeleton (D:8)
  6 gnolls
  7 adders
  A shadow imp (D:8)
  A white imp (D:8)
  An ufetubus (D:5)
  A worm (D:2)
  3 dart slugs
  110 orcs
  6 endoplasms
  5 giant cockroaches
  10 goblins
  6 hobgoblins
  3 jackals (D:2)
  41 kobolds
  12 ball pythons
  8 bats
  4 frilled lizards
  8 rats
739 creatures vanquished.

Vanquished Creatures (collateral kills)
  An orc warrior (D:8)
1 creature vanquished.

Vanquished Creatures (others)
  An ice beast (D:8)
  An orc (Orc:2)
  12 fungi
  39 plants
53 creatures vanquished.

Grand Total: 793 creatures vanquished

Notes
Turn   | Place    | Note
-------+----------+-------------------------------------------
     0 | D:1      | avis the Demigod Ice Elementalist began the quest for the
                  | Orb.
     0 | D:1      | Reached XP level 1. HP: 14/14 MP: 5/5
   526 | D:1      | Reached XP level 2. HP: 20/20 MP: 7/7
   718 | D:1      | Reached skill level 1 in Fighting
   976 | D:1      | Reached XP level 3. HP: 28/28 MP: 7/9
   980 | D:1      | Learned a level 3 spell: Frozen Ramparts
  1715 | D:1      | Learned a level 3 spell: Ozocubu's Armour
  3103 | D:3      | Reached XP level 4. HP: 36/36 MP: 6/10
  3396 | D:3      | Identified the +3 scale mail of Huoklai {rC+}
  4342 | D:4      | Noticed a centaur
  4350 | D:4      | Killed a centaur
  4351 | D:4      | Reached skill level 5 in Ice Magic
  4351 | D:4      | Reached XP level 5. HP: 10/41 MP: 4/12
  4735 | D:4      | Noticed a centaur
  4741 | D:4      | Killed a centaur
  4904 | D:4      | Reached skill level 1 in Ranged Weapons
  5198 | D:4      | Reached XP level 6. HP: 50/51 MP: 7/13
  5559 | D:5      | Entered Level 5 of the Dungeon
  5768 | D:5      | Noticed a water moccasin
  5775 | D:5      | Killed a water moccasin
  5785 | D:5      | Reached XP level 7. HP: 15/58 MP: 6/14
  6036 | D:5      | Found a glowing drain.
  6045 | Sewer    | Entered a sewer
  6130 | Sewer    | Reached skill level 5 in Ranged Weapons
  6774 | D:5      | Found a staircase to the Ecumenical Temple.
  7076 | D:5      | Noticed Menkaure
  7098 | D:5      | Killed Menkaure
  7099 | D:5      | Reached skill level 1 in Long Blades
  7170 | D:5      | Reached XP level 8. HP: 56/66 MP: 11/15
  8232 | D:6      | Reached skill level 5 in Long Blades
  8477 | D:6      | Found Qesant's Assorted Antiques.
  8533 | D:6      | Identified the +1 robe "Guviyliu" {rPois rCorr Stlth-}
  8773 | D:6      | Upgraded the game from 0.30-a0-393-g54b8e3be05 to
                  | 0.30-a0-394-g3e4acdb0ae
  8840 | Temple   | Entered the Ecumenical Temple
  8864 | Temple   | Reached skill level 5 in Fighting
  8864 | Temple   | Reached XP level 9. HP: 75/75 MP: 16/16
  8865 | Temple   | Reached skill level 5 in Dodging
  8865 | Temple   | Reached XP level 10. HP: 84/84 MP: 17/17
  8866 | Temple   | Reached skill level 10 in Long Blades
  8866 | Temple   | Reached skill level 10 in Ranged Weapons
  8866 | Temple   | Reached XP level 11. HP: 92/92 MP: 19/19
 10102 | D:8      | Identified a scroll of acquirement
 10102 | D:8      | Acquired a manual of Armour
 10154 | D:8      | Found a flagged portal.
 10176 | Bailey   | Entered a bailey
 10259 | Bailey   | Reached skill level 1 in Armour
 10402 | Bailey   | Noticed an orc knight
 10528 | Bailey   | Killed an orc knight
 10792 | D:8      | Noticed a two-headed ogre
 10812 | D:8      | Killed a two-headed ogre
 10813 | D:8      | Reached skill level 5 in Armour
 10813 | D:8      | Reached XP level 12. HP: 46/101 MP: 20/20
 13053 | D:9      | Noticed a five-headed hydra
 13063 | D:9      | Killed a five-headed hydra
 13367 | D:10     | Entered Level 10 of the Dungeon
 13567 | D:10     | Found a staircase to the Lair.
 14122 | D:10     | Found Udwotz's Gadget Gallery.
 14260 | D:10     | Found Poutwa Zyopn's Armour Emporium.
 14681 | Lair:1   | Entered Level 1 of the Lair of Beasts
 16241 | Lair:2   | Found a dark tunnel.
 16247 | Volcano  | Entered a volcano
 16407 | Volcano  | Reached XP level 13. HP: 58/107 MP: 17/21
 16559 | Volcano  | Noticed a red draconian
 16573 | Volcano  | Killed a red draconian
 16967 | Lair:2   | Found a staircase to the Swamp.
 17498 | Lair:3   | Found a hole to the Spider Nest.
 17667 | Lair:3   | Noticed Nessos
 17704 | Lair:3   | Killed Nessos
 17943 | Lair:3   | Noticed Amaemon
 17961 | Lair:3   | Killed Amaemon
 18114 | Lair:3   | Noticed Gastronok
 18130 | Lair:3   | Killed Gastronok
 18159 | Lair:3   | Learned a level 5 spell: Freezing Cloud
 18328 | Lair:3   | Reached skill level 1 in Conjurations
 18328 | Lair:3   | Reached skill level 1 in Air Magic
 19430 | Lair:3   | Identified the +0 plate armour "Vueclun" {Str+3 Int+3}
 19909 | Lair:1   | Upgraded the game from 0.30-a0-394-g3e4acdb0ae to
                  | 0.30-a0-422-g946f4849ff
 19916 | Lair:1   | Acquired a manual of Air Magic
 19935 | Lair:1   | Learned a level 7 spell: Ozocubu's Refrigeration
 20464 | Lair:4   | Reached XP level 14. HP: 116/118 MP: 22/22
 20580 | Lair:4   | Found a staircase to the Slime Pits.
 20864 | Lair:4   | Reached skill level 5 in Spellcasting
 21739 | Lair:5   | Entered Level 5 of the Lair of Beasts
 21805 | Lair:4   | Learned a level 9 spell: Polar Vortex
 22682 | Lair:5   | Reached skill level 10 in Ice Magic
 23715 | D:11     | Noticed Lodul
 23724 | D:11     | Killed Lodul
 24473 | D:11     | Reached XP level 15. HP: 120/124 MP: 28/28
 24664 | D:11     | Noticed Snorg
 24670 | D:11     | Killed Snorg
 24682 | D:11     | Found a transporter.
 24689 | D:11     | Noticed Josephine
 24694 | D:11     | Killed Josephine
 24761 | D:11     | Found a transporter.
 24805 | D:11     | Found a one-way gate to the infinite horrors of the Abyss.
 24805 | D:11     | Noticed zishaf's ghost (journeyman VSBr)
 25265 | D:12     | Found Nadghyora's Antique Armour Shop.
 25374 | D:12     | Found a staircase to the Orcish Mines.
 25960 | D:12     | Identified the +4 ring mail of Daisies {Regen+}
 27151 | D:13     | Got the Omnibus of Guile and Weather
 27648 | Orc:1    | Entered Level 1 of the Orcish Mines
 28684 | Orc:2    | Entered Level 2 of the Orcish Mines
 28684 | Orc:2    | Found a staircase to the Elven Halls.
 30212 | Orc:2    | Found Uvuum's Antique Armour Boutique.
 30212 | Orc:2    | Found Ruecs's Armour Shop.
 30215 | Orc:2    | Found Ihinn's Assorted Antiques.
 30215 | Orc:2    | Found Haenyhou's General Store.
 30254 | Orc:2    | Bought a scroll of identify for 44 gold pieces
 30254 | Orc:2    | Bought a scroll of identify for 44 gold pieces
 30254 | Orc:2    | Bought a scroll of magic mapping for 165 gold pieces
 30254 | Orc:2    | Bought a scroll of enchant weapon for 165 gold pieces
 30254 | Orc:2    | Bought a potion of ambrosia for 176 gold pieces
 30255 | Orc:2    | Bought a scroll of identify for 32 gold pieces
 30255 | Orc:2    | Bought a scroll of enchant armour for 120 gold pieces
 30255 | Orc:2    | Bought a scroll of poison for 64 gold pieces
 30255 | Orc:2    | Bought a scroll of teleportation for 48 gold pieces
 30255 | Orc:2    | Bought a throwing net for 48 gold pieces
 30579 | Swamp:1  | Entered Level 1 of the Swamp
 30579 | Swamp:1  | Noticed Aizul
 30643 | Swamp:1  | HP: 9/186 [Aizul (3)]
 30646 | Swamp:1  | HP: 4/186 [poisoned by Aizul (bolt of poison)]
 30648 | Swamp:1  | Killed from afar by Aizul

Illustrated notes

Levels and vault maps discovered:
D:1:      giann_forest_graveyard, layout_loops_corners, minmay_octomino_c4
D:2:      layout_loops_ring, ebering_ecumenical_altar_hall
D:3:      layout_loops_ring, minmay_misc_feat_plants
D:4:      layout_loops_corners
D:5:      layout_basic, mainiacjoe_overflow_brackets,
          nicolae_ru_the_path_less_chosen, gammafunk_temple_overflow_pools,
          minmay_temple_entry_mini_moons, portal_sewer_entry_d, uniq_menkaure
D:6:      minmay_flawed_box, layout_rooms, serial_shops, nicolae_lakefront_shop,
          serial_corexii_hall, corexii_hall_statues_i, corexii_hall_statues_l,
          corexii_hall_statues_x, corexii_hall_statues_deadend,
          serial_bayou_pond_d
D:7:      layout_basic, serial_bayou_pond_e
D:8:      black_bear_nest_1, layout_cave_pods, zin_statuary,
          makhleb_blood_cavern_becter, enter_bailey_2, minmay_ruined_shrine
D:9:      layout_grid_maze, serial_rivers, chequers_serial_rivers_small_a,
          chequers_serial_rivers_small_b, chequers_serial_rivers_room_b,
          chequers_serial_rivers_room_b, chequers_serial_rivers_large_a,
          chequers_serial_rivers_micro_a, minmay_misc_feat_doors,
          hangedman_abyss_or_decor_lesser_grid
D:10:     layout_loops_ring, mainiacjoe_overflow_alcove_2, lemuel_round_altar,
          david_lair_generic, serial_shops, nicolae_shop_crystal,
          grunt_ministairs_3, moated_statue, nicolae_shop_gadgets
D:11:     layout_loops_ring, gammafunk_ghost_abyssal_escape,
          kennysheep_generic_room_7, uniq_lodul, uniq_snorg, uniq_josephine
D:12:     layout_roguey, david_orc_4, serial_shops, nicolae_shop_statue_plus,
          minivault_25, minmay_mirror_moons_of_madness
D:13:     layout_basic
Temple:   nicolae_temple_great_sept
Lair:1:   layout_gridlike, grunt_megastairs_2
Lair:2:   layout_misc_corridors, nicolae_swamp_entry_splash_gauntlet,
          nicolae_volcano_entry_lava_flow, chequers_serial_rivers_micro_a,
          serial_bayou_shore_b
Lair:3:   nzn_winding_woodlands_huge [nzn_winding_woodlands_5x15_split_checker,
          nzn_winding_woodlands_5x15_eye, nzn_winding_woodlands_5x15_sidewinder,
          nzn_winding_woodlands_5x15_pool,
          nzn_winding_woodlands_5x15_lazy_stream,
          nzn_winding_woodlands_5x15_pathside_ponds,
          nzn_winding_woodlands_5x15_pockets, nzn_winding_woodlands_5x15_cabin,
          nzn_winding_woodlands_5x15_concentric,
          nzn_winding_woodlands_5x15_zeroes,
          nzn_winding_woodlands_center_pierced_h,
          nzn_winding_woodlands_center_triple_pond,
          nzn_winding_woodlands_15x15_boxy_spiral], layout_regular_city,
          nicolae_spider_entry_orb_guardian, uniq_nessos, uniq_gastronok,
          uniq_amaemon
Lair:4:   layout_cave_pods, slime_entry_1
Lair:5:   evilmike_catoblepas_cave, layout_loops_ring
Swamp:1:  layout_basic_swamp, nicolae_swamp_dense_foliage,
          nicolae_swamp_well_well_well, uniq_aizul
Orc:1:    layout_diamond_mine
Orc:2:    st_orc_mages, layout_diamond_mine, basic_altar, kennysheep_orc_chapel

Skill      XL: |  1  2  3  4  5  6  7  8  9 10 11 12 13 14 15 |
---------------+----------------------------------------------+-----
Ice Magic      | 4 5 8 11 14 | 14.0
Spellcasting   | 2 3 6 7 |  7.0
Fighting       | 1 2 3 4 5 6 7 8 9 |  9.0
Ranged Weapons | 2 4 6 8 9 10 12 13 14 | 14.0
Dodging        | 2 4 5 6 7 8 |  8.0
Stealth        | 2 |  2.0
Long Blades    | 2 8 9 10 12 | 12.0
Armour         | 5 7 |  7.0
Conjurations   | 2 |  2.0
Air Magic      | 2 |  2.0

Action                   |  1- 3 |  4- 6 |  7- 9 | 10-12 | 13-15 || total
-------------------------+-------+-------+-------+-------+-------++-------
Melee: Dagger            |    16 |    11 |       |       |       ||    27
       Flail             |       |       |     4 |       |       ||     4
       Long sword        |       |       |    25 |   174 |   538 ||   737
       Punch             |       |       |       |     5 |    27 ||    32
       Scimitar          |       |       |       |       |   364 ||   364
 Fire: Shortbow          |       |    34 |   132 |   473 |   570 ||  1209
 Cast: Freeze            |    53 |     1 |       |     1 |       ||    55
       Frozen Ramparts   |     6 |    14 |    22 |    60 |   106 ||   208
       Ozocubu's Armour  |     1 |     4 |    22 |    74 |   171 ||   272
       Freezing Cloud    |       |       |       |       |     2 ||     2
       Ozocubu's Refrige |       |       |       |       |     9 ||     9
Evoke: Wand              |       |       |       |     1 |     5 ||     6
  Use: Potion            |       |     1 |     2 |     6 |    23 ||    32
       Scroll            |       |       |     5 |    12 |    16 ||    33
 Stab: Sleeping          |     9 |     2 |       |       |     1 ||    12
       Petrifying        |       |       |       |       |     1 ||     1
       Confused          |       |       |       |       |     1 ||     1
Armor: Robe              |    17 |    20 |    32 |   108 |    30 ||   207
       Steam dragon scal |       |       |       |       |   319 ||   319
       Leather armour    |       |       |       |       |     2 ||     2
Dodge: Dodged            |    40 |    20 |    52 |   318 |  1233 ||  1663

Table legend: (Time is in decaauts)
 A = Elapsed time spent in this place.
 B = Non-inter-level travel time spent in this place.
 C = Inter-level travel time spent in this place.
 D = Time resting spent in this place.
 E = Time spent auto-exploring this place.
 F = Levels seen in this place.
 G = Mean time per level.
                   A        B        C        D        E       F      G
               +--------+--------+--------+--------+--------+-----+--------+
         Total |  30381 |  26771 |   3610 |   7687 |  10786 |  25 | 1215.2 |
       Dungeon |  18890 |  16291 |   2599 |   5040 |   7179 |  13 | 1453.1 |
        Temple |     44 |     40 |      4 |      0 |      0 |   1 |   44.0 |
          Lair |   8239 |   7332 |    907 |   1862 |   3138 |   5 | 1647.8 |
         Swamp |     50 |     50 |      0 |      0 |      0 |   1 |   50.0 |
  Orcish Mines |   1887 |   1788 |     99 |    371 |    468 |   2 |  943.5 |
         Sewer |    468 |    468 |      0 |    191 |      0 |   1 |  468.0 |
        Bailey |    383 |    383 |      0 |     61 |      0 |   1 |  383.0 |
       Volcano |    417 |    417 |      0 |    161 |      0 |   1 |  417.0 |
               +--------+--------+--------+--------+--------+-----+--------+

Top non-repeatable levels by time:
  Lair:3: 2744 daAuts
    D:12: 1985 daAuts
     D:1: 1931 daAuts
  Lair:4: 1738 daAuts
     D:5: 1702 daAuts
    D:11: 1687 daAuts
    D:10: 1630 daAuts
     D:9: 1607 daAuts
  Lair:5: 1512 daAuts
     D:8: 1480 daAuts
     D:4: 1475 daAuts
     D:6: 1336 daAuts
     D:3: 1153 daAuts
  Lair:2: 1137 daAuts
  Lair:1: 1107 daAuts
